TOP OF THE 1ST |
Warwick Hunchbacks batting - Pitching for Corpus Christi Twins : RHP José Salinas
|
Pitching: RHP José Salinas
|
|
Batting: LHB Luis Robles
|
0-0: Ball 1-0: Swinging Strike 1-1: Ball 2-1: Called Strike 2-2: DOUBLE (Flyball, 89M)
|
Batting: RHB Jim Browning
|
0-0: Called Strike 0-1: Swinging Strike 0-2: Ball 1-2: Ball 2-2: Foul Ball, location: 2F 2-2: SINGLE (Groundball, 56D) Luis Robles to third Runner from 3rd tries for Home, SAFE, no throw or cutoff
|
Batting: SHB Dustin Tucker
|
0-0: Foul Ball, location: 2F 0-1: Ball 1-1: Swinging Strike 1-2: Foul Ball, location: 2F 1-2: Ball 2-2: Strikes out swinging
|
Batting: RHB John Huff
|
0-0: Fielders Choice at 2nd, 5-4 (Groundball, 56)
|
Batting: RHB Steve Brewer
|
0-0: Called Strike 0-1: SINGLE (Groundball, 4MD) John Huff to second
|
Batting: LHB Ted Cracknell
|
0-0: Called Strike 0-1: Ground out 2-3 (Groundball, 2R)
|
Top of the 1st over - 1 run(s), 3 hit(s), 0 error(s), 2 left on base; Warwick 1 - Corpus Christi 0 |
BOTTOM OF THE 1ST |
Corpus Christi Twins batting - Pitching for Warwick Hunchbacks : RHP Doruk Oyan
|
Pitching: RHP Doruk Oyan
|
|
Batting: RHB Andrew Floyd
|
0-0: Called Strike 0-1: Ball 1-1: Foul Ball, location: 2F 1-2: Ball 2-2: Ball 3-2: Base on Balls
|
Batting: RHB Bill McCarty
|
0-0: Called Strike Andrew Floyd is caught stealing 2nd base 0-1: Fly out, F9 (Flyball, 9M)
|
Batting: RHB Gonzalo Núñez
|
0-0: Ball 1-0: Ball 2-0: Ball 3-0: Base on Balls
|
Batting: LHB Don Sullivan
|
0-0: Foul Ball, location: 2F 0-1: Ball 1-1: Swinging Strike 1-2: Ball Gonzalo Núñez is caught stealing 2nd base
|
Bottom of the 1st over - 0 run(s), 0 hit(s), 0 error(s), 0 left on base; Warwick 1 - Corpus Christi 0 |
TOP OF THE 2ND |
Warwick Hunchbacks batting - Pitching for Corpus Christi Twins : RHP José Salinas
|
Batting: RHB Julián Rocha
|
0-0: Ball 1-0: Ball 2-0: Ball 3-0: Called Strike 3-1: Called Strike 3-2: Fly out, F7 (Line Drive, 78S)
|
Batting: RHB Octávio Castaneda
|
0-0: Called Strike 0-1: Fly out, F8 (Flyball, 8RM)
|
Batting: LHB Javier Pérez
|
0-0: Called Strike 0-1: Swinging Strike 0-2: Strikes out looking
|
Top of the 2nd over - 0 run(s), 0 hit(s), 0 error(s), 0 left on base; Warwick 1 - Corpus Christi 0 |
BOTTOM OF THE 2ND |
Corpus Christi Twins batting - Pitching for Warwick Hunchbacks : RHP Doruk Oyan
|
Batting: LHB Don Sullivan
|
0-0: Ball 1-0: Foul Ball, location: 2F 1-1: Called Strike 1-2: Ball 2-2: Ground out U3 (Groundball, 3)
|
Batting: LHB John Brewer
|
0-0: Ball 1-0: Called Strike 1-1: Called Strike 1-2: Foul Ball, location: 2F 1-2: Ball 2-2: Strikes out swinging
|
Batting: SHB Miguel Soto
|
0-0: Ball 1-0: Foul Ball, location: 2F 1-1: Ball 2-1: Called Strike 2-2: Ball 3-2: Strikes out swinging
|
Bottom of the 2nd over - 0 run(s), 0 hit(s), 0 error(s), 0 left on base; Warwick 1 - Corpus Christi 0 |
TOP OF THE 3RD |
Warwick Hunchbacks batting - Pitching for Corpus Christi Twins : RHP José Salinas
|
Batting: LHB Luis Robles
|
0-0: Ball 1-0: Ball 2-0: Ball 3-0: Called Strike 3-1: Base on Balls
|
Batting: RHB Jim Browning
|
0-0: Ball 1-0: Foul Ball, location: 2F 1-1: Swinging Strike 1-2: Foul Ball, location: 2F 1-2: Ball 2-2: Strikes out swinging
|
Batting: SHB Dustin Tucker
|
0-0: Called Strike 0-1: Ball 1-1: Called Strike 1-2: SINGLE (Groundball, 56D) Luis Robles to second
|
Batting: RHB John Huff
|
0-0: Called Strike 0-1: Ball 1-1: Foul Ball, location: 2F 1-2: Ball 2-2: 3-RUN HOME RUN (Flyball, 78XD), Distance : 431 ft
|
Batting: RHB Steve Brewer
|
0-0: Ball 1-0: Ball 2-0: Fly out, F3 (Popup, 3L)
|
Batting: LHB Ted Cracknell
|
0-0: Called Strike 0-1: Foul Ball, location: 2F 0-2: Ground out 4-3 (Groundball, 4M)
|
Top of the 3rd over - 3 run(s), 2 hit(s), 0 error(s), 0 left on base; Warwick 4 - Corpus Christi 0 |
BOTTOM OF THE 3RD |
Corpus Christi Twins batting - Pitching for Warwick Hunchbacks : RHP Doruk Oyan
|
Batting: RHB Daniel Cooper
|
0-0: Ball 1-0: Foul Ball, location: 2F 1-1: Ball 2-1: Ball 3-1: SINGLE (Line Drive, 6MD)
|
Batting: RHB Denis Taylor
|
0-0: Swinging Strike 0-1: Ball 1-1: Called Strike 1-2: Strikes out swinging
|
Batting: RHB Vincent Parker
|
0-0: Ball 1-0: Called Strike 1-1: Ball 2-1: Ball 3-1: Base on Balls Daniel Cooper to second
|
Batting: RHB Andrew Floyd
|
0-0: Called Strike 0-1: Called Strike 0-2: Strikes out looking
|
Batting: RHB Bill McCarty
|
0-0: SINGLE (Flyball, 78S) Daniel Cooper to third Vincent Parker to second Runner from 3rd tries for Home, SAFE, no throw or cutoff
|
Batting: RHB Gonzalo Núñez
|
0-0: Called Strike 0-1: Ball 1-1: Ground out 4-3 (Groundball, 4MS)
|
Bottom of the 3rd over - 1 run(s), 2 hit(s), 0 error(s), 2 left on base; Warwick 4 - Corpus Christi 1 |
TOP OF THE 4TH |
Warwick Hunchbacks batting - Pitching for Corpus Christi Twins : RHP José Salinas
|
Batting: RHB Julián Rocha
|
0-0: Called Strike 0-1: Called Strike 0-2: Ball 1-2: Ground out 5-3 (Groundball, 5L)
|
Batting: RHB Octávio Castaneda
|
0-0: Ball 1-0: Swinging Strike 1-1: Ground out 6-3 (Groundball, 6M)
|
Batting: LHB Javier Pérez
|
0-0: Ball 1-0: Swinging Strike 1-1: Ball 2-1: Ball 3-1: Foul Ball, location: 2F 3-2: Base on Balls
|
Pitching: RHP Charlie Hall
|
|
Batting: LHB Luis Robles
|
0-0: Called Strike 0-1: Ball 1-1: Ground out U3 (Groundball, 3)
|
Top of the 4th over - 0 run(s), 0 hit(s), 0 error(s), 1 left on base; Warwick 4 - Corpus Christi 1 |
BOTTOM OF THE 4TH |
Corpus Christi Twins batting - Pitching for Warwick Hunchbacks : RHP Doruk Oyan
|
Batting: LHB Don Sullivan
|
0-0: Called Strike 0-1: Fly out, F7 (Flyball, 78D)
|
Batting: LHB John Brewer
|
0-0: Ball 1-0: Ball 2-0: Ground out 6-3 (Groundball, 6)
|
Batting: SHB Miguel Soto
|
0-0: Ball 1-0: SINGLE (Line Drive, 89S)
|
Batting: RHB Daniel Cooper
|
0-0: Called Strike 0-1: Ball Wild Pitch! Miguel Soto to second 1-1: Ball 2-1: Ball 3-1: Called Strike 3-2: Base on Balls
|
Batting: RHB Denis Taylor
|
0-0: Ball 1-0: Swinging Strike 1-1: Foul Ball, location: 2F 1-2: Ball 2-2: Strikes out looking
|
Bottom of the 4th over - 0 run(s), 1 hit(s), 0 error(s), 2 left on base; Warwick 4 - Corpus Christi 1 |
TOP OF THE 5TH |
Warwick Hunchbacks batting - Pitching for Corpus Christi Twins : RHP Charlie Hall
|
Batting: RHB Jim Browning
|
0-0: Ball 1-0: Fly out, F4 (Popup, 3D)
|
Batting: SHB Dustin Tucker
|
0-0: Ball 1-0: Called Strike 1-1: Foul Ball, location: 2F 1-2: Ball 2-2: Ball 3-2: Base on Balls
|
Batting: RHB John Huff
|
0-0: Ball 1-0: Called Strike 1-1: Called Strike 1-2: Strikes out looking
|
Batting: RHB Steve Brewer
|
0-0: Swinging Strike 0-1: Foul Ball, location: 2F 0-2: Foul Ball, location: 2F 0-2: Strikes out swinging
|
Top of the 5th over - 0 run(s), 0 hit(s), 0 error(s), 1 left on base; Warwick 4 - Corpus Christi 1 |
BOTTOM OF THE 5TH |
Corpus Christi Twins batting - Pitching for Warwick Hunchbacks : RHP Doruk Oyan
|
Batting: RHB Vincent Parker
|
0-0: Ball 1-0: Ball 2-0: Ball 3-0: Called Strike 3-1: Foul Ball, location: 2F 3-2: Foul Ball, location: 2F 3-2: Fly out, F9 (Flyball, 89M)
|
Batting: RHB Andrew Floyd
|
0-0: Ball 1-0: Ball 2-0: Called Strike 2-1: Ground out 6-3 (Groundball, 6)
|
Batting: RHB Bill McCarty
|
0-0: Ball 1-0: SINGLE (Flyball, 89S)
|
Batting: RHB Gonzalo Núñez
|
0-0: Swinging Strike 0-1: Swinging Strike 0-2: Strikes out swinging
|
Bottom of the 5th over - 0 run(s), 1 hit(s), 0 error(s), 1 left on base; Warwick 4 - Corpus Christi 1 |
TOP OF THE 6TH |
Warwick Hunchbacks batting - Pitching for Corpus Christi Twins : RHP Charlie Hall
|
Batting: LHB Ted Cracknell
|
0-0: Called Strike 0-1: Ball 1-1: Ball 2-1: SOLO HOME RUN (Line Drive, 89XD), Distance : 427 ft
|
Batting: RHB Julián Rocha
|
0-0: Swinging Strike 0-1: Called Strike 0-2: Strikes out swinging
|
Batting: RHB Octávio Castaneda
|
0-0: Ball 1-0: Called Strike 1-1: Fly out, F8 (Flyball, 8RM)
|
Batting: LHB Javier Pérez
|
0-0: Ball 1-0: Ball 2-0: Ground out 3-1 (Groundball, 34S)
|
Top of the 6th over - 1 run(s), 1 hit(s), 0 error(s), 0 left on base; Warwick 5 - Corpus Christi 1 |
BOTTOM OF THE 6TH |
Corpus Christi Twins batting - Pitching for Warwick Hunchbacks : RHP Doruk Oyan
|
Batting: LHB Don Sullivan
|
0-0: Ball 1-0: Foul Ball, location: 2F 1-1: Foul Ball, location: 2F 1-2: Fly out, F7 (Flyball, 7M)
|
Batting: LHB John Brewer
|
0-0: Ball 1-0: SINGLE (Groundball, 34D)
|
Batting: SHB Miguel Soto
|
0-0: Foul Ball, location: 2F 0-1: Foul Ball, location: 2F 0-2: Ball 1-2: Ball 2-2: Ball 3-2: Foul Ball, location: 2F 3-2: Base on Balls John Brewer to second
|
Batting: RHB Daniel Cooper
|
0-0: Called Strike 0-1: Ball 1-1: Ball 2-1: Foul Ball, location: 2F 2-2: Strikes out swinging
|
Batting: RHB Denis Taylor
|
0-0: Called Strike 0-1: SINGLE (Groundball, 34D) John Brewer to third Miguel Soto to second Runner from 3rd tries for Home, SAFE, no throw or cutoff
|
Batting: RHB Vincent Parker
|
0-0: Swinging Strike 0-1: Called Strike 0-2: Ball 1-2: Foul Ball, location: 2F 1-2: SINGLE (Groundball, 4MD) Miguel Soto to third Denis Taylor to second Runner from 3rd tries for Home, SAFE, no throw or cutoff
|
Batting: RHB Andrew Floyd
|
0-0: Swinging Strike 0-1: Ground out 5-3 (Groundball, 56)
|
Bottom of the 6th over - 2 run(s), 3 hit(s), 0 error(s), 2 left on base; Warwick 5 - Corpus Christi 3 |
TOP OF THE 7TH |
Warwick Hunchbacks batting - Pitching for Corpus Christi Twins : RHP Charlie Hall
|
Pitching: LHP Eugene Baker
|
|
Batting: LHB Luis Robles
|
0-0: Ball 1-0: Ground out 1-3 (Groundball, 25)
|
Batting: RHB Jim Browning
|
0-0: Ball 1-0: Foul Ball, location: 2F 1-1: Fly out, F7 (Line Drive, 7M)
|
Batting: SHB Dustin Tucker
|
0-0: Ball 1-0: Ground out 5-3 (Groundball, 5L)
|
Top of the 7th over - 0 run(s), 0 hit(s), 0 error(s), 0 left on base; Warwick 5 - Corpus Christi 3 |
BOTTOM OF THE 7TH |
Corpus Christi Twins batting - Pitching for Warwick Hunchbacks : RHP Doruk Oyan
|
Batting: RHB Bill McCarty
|
0-0: Foul Ball, location: 2F 0-1: Ball 1-1: Ball 2-1: Swinging Strike 2-2: Strikes out swinging
|
Batting: RHB Gonzalo Núñez
|
0-0: SINGLE (Groundball, 56)
|
Pitching: RHP Ánibal Sánchez
|
|
Batting: LHB Don Sullivan
|
0-0: Fly out, F6 (Popup, 6MD)
|
Batting: LHB John Brewer
|
0-0: Called Strike 0-1: Ball Gonzalo Núñez steals 2nd base 1-1: Ball 2-1: Ball 3-1: Base on Balls
|
Batting: SHB Miguel Soto
|
0-0: Fly out, F5 (Popup, 56)
|
Bottom of the 7th over - 0 run(s), 1 hit(s), 0 error(s), 2 left on base; Warwick 5 - Corpus Christi 3 |
TOP OF THE 8TH |
Warwick Hunchbacks batting - Pitching for Corpus Christi Twins : LHP Eugene Baker
|
Batting: RHB John Huff
|
0-0: Called Strike 0-1: Ball 1-1: Ball 2-1: Ground out 4-3 (Groundball, 4)
|
Batting: RHB Steve Brewer
|
0-0: Ball 1-0: Ball 2-0: Ball 3-0: Base on Balls
|
Batting: LHB Ted Cracknell
|
0-0: Foul Ball, location: 2F 0-1: Foul Ball, location: 2F 0-2: Ball 1-2: Ball 2-2: Foul Ball, location: 2F 2-2: Ball 3-2: Base on Balls Steve Brewer to second
|
Pinch Hitting: RHB Juan Sánchez
|
0-0: Called Strike 0-1: Called Strike 0-2: Fly out, F8 (Line Drive, 8RM)
|
Batting: RHB Octávio Castaneda
|
0-0: Ball 1-0: Ball 2-0: Ball 3-0: Called Strike 3-1: Fly out, F4 (Popup, 4MD)
|
Top of the 8th over - 0 run(s), 0 hit(s), 0 error(s), 2 left on base; Warwick 5 - Corpus Christi 3 |
BOTTOM OF THE 8TH |
Corpus Christi Twins batting - Pitching for Warwick Hunchbacks : RHP Ánibal Sánchez
|
Now at C: Edwin McClung
|
|
Now at 3B: Juan Sánchez
|
|
Batting: RHB Daniel Cooper
|
0-0: Called Strike 0-1: Swinging Strike 0-2: Foul Ball, location: 2F 0-2: Strikes out swinging
|
Batting: RHB Denis Taylor
|
0-0: Called Strike 0-1: Hit by Pitch
|
Batting: RHB Vincent Parker
|
0-0: Ball 1-0: Swinging Strike 1-1: Called Strike 1-2: Strikes out swinging
|
Batting: RHB Andrew Floyd
|
0-0: Foul Ball, location: 2F 0-1: Ball 1-1: Ball 2-1: Swinging Strike 2-2: Foul Ball, location: 2F 2-2: Foul Ball, location: 2F 2-2: Foul Ball, location: 2F 2-2: Foul Ball, location: 2F 2-2: Foul Ball, location: 2F 2-2: Foul Ball, location: 2F 2-2: Strikes out swinging
|
Bottom of the 8th over - 0 run(s), 0 hit(s), 0 error(s), 1 left on base; Warwick 5 - Corpus Christi 3 |
TOP OF THE 9TH |
Warwick Hunchbacks batting - Pitching for Corpus Christi Twins : LHP Eugene Baker
|
Batting: LHB Javier Pérez
|
0-0: Fly out, F7 (Flyball, 7M)
|
Batting: LHB Luis Robles
|
0-0: Called Strike 0-1: Foul Ball, location: 2F 0-2: Ground out 3-1 (Groundball, 34S)
|
Batting: RHB Jim Browning
|
0-0: Reached on error, E5 (Groundball, 56)
|
Batting: RHB Edwin McClung
|
0-0: Ball 1-0: Called Strike 1-1: Foul Ball, location: 2F 1-2: Ball 2-2: Ball 3-2: Foul Ball, location: 2F 3-2: Base on Balls Jim Browning to second
|
Batting: RHB John Huff
|
0-0: Foul Ball, location: 2F 0-1: Ball 1-1: Ball 2-1: Foul Ball, location: 2F 2-2: Ball 3-2: Base on Balls Jim Browning to third Edwin McClung to second
|
Pitching: LHP Craig Bolton
|
|
Batting: RHB Steve Brewer
|
0-0: Ball 1-0: Ball 2-0: Ball 3-0: Called Strike 3-1: Fly out, F3 (Popup, 34)
|
Top of the 9th over - 0 run(s), 0 hit(s), 1 error(s), 3 left on base; Warwick 5 - Corpus Christi 3 |
BOTTOM OF THE 9TH |
Corpus Christi Twins batting - Pitching for Warwick Hunchbacks : RHP Ánibal Sánchez
|
Pitching: RHP Joshua Barnes
|
|
Batting: RHB Bill McCarty
|
0-0: Fly out, F3 (Popup, 3DF)
|
Batting: RHB Gonzalo Núñez
|
0-0: Called Strike 0-1: Called Strike 0-2: SINGLE (Line Drive, 7S)
|
Batting: LHB Don Sullivan
|
0-0: Fly out, F6 (Popup, 6D)
|
Batting: LHB John Brewer
|
0-0: Fielders Choice at 2nd, U6 (Groundball, 6M)
|
Bottom of the 9th over - 0 run(s), 1 hit(s), 0 error(s), 1 left on base; Warwick 5 - Corpus Christi 3 |
|